AoeStats
← DSLG | Mr.Olivaz

Black Forest

508090733Analyzed
2v2 RM · 12d ago on Sep 20, 2026· 48m 8s· 4 players
Game mode
Random Map
Map size
Medium (4 player)
Population
200
Speed
Normal
Resources
Standard
Victory
Conquest
Starting age
Dark Age
Ending age
Imperial Age
RankedLock teamsTeams togetherTeam positionsShared explorationLock speedFull tech treeHidden civsTurbo modeCheats
Victory
Defeat
🇲🇽 Persians · Mexico
941
+16
🇺🇸 Vikings · United States
941
+17
🇮🇳 Persians · India
963
-17
🇨🇦 Spanish · Canada
946
-16
DSLG | Mr.Olivaz
1:24 Loom
15:17 Feudal Age
19:56 Castle Age
18:08 Horse Collar
19:31 Double-Bit Axe
23:47 Bow Saw
25:44 Heavy Plow
29:23 Gold Mining
31:01 Stone Mining
31:50 Gold Shaft Mining
32:09 Coinage
35:10 Imperial Age
35:39 Town Watch
36:58 Two-Man Saw
36:30 Crop Rotation
36:00 Pikeman
36:43 Squires
37:02 Forging
36:52 Scale Mail Armor
38:24 Iron Casting
38:12 Conscription
37:58 Chieftains
37:44 Capped Ram
39:37 Chain Mail Armor
38:55 Elite Berserk
39:16 Siege Ram
42:35 Blast Furnace
42:06 Plate Mail Armor
42:02 Block Printing
43:28 Fervor
45:13 Siege Engineers
46:10 Chemistry
Darkfield
0:35 Loom
12:14 Feudal Age
18:13 Castle Age
17:00 Double-Bit Axe
17:08 Gold Mining
17:20 Horse Collar
19:17 Wheelbarrow
21:20 Bow Saw
22:41 Hand Cart
22:14 Town Watch
28:45 Heavy Plow
29:24 Gold Shaft Mining
30:13 Fervor
34:33 Imperial Age
33:52 Kamandaran
33:58 Fletching
35:26 Elite War Elephant
36:29 Conscription
35:53 Crossbowman
38:24 Thumb Ring
41:23 Chemistry
40:43 Ballistics
41:42 Bodkin Arrow
41:53 Scale Barding Armor
41:59 Forging
42:08 Devotion
43:14 Masonry
43:31 Faith
44:05 Crop Rotation
45:03 Architecture
44:59 Chain Barding Armor
45:15 Iron Casting
44:41 Padded Archer Armor
47:08 Plate Barding Armor
47:02 Citadels
48:22 Two-Man Saw
48:48 Blast Furnace
48:03 Leather Archer Armor
saratchandra9494
0:30 Loom
11:37 Feudal Age
12:00 Double-Bit Axe
11:57 Horse Collar
12:20 Gold Mining
13:10 Wheelbarrow
18:55 Castle Age
17:27 Stone Mining
18:19 Forging
18:35 Man-at-Arms
19:59 Stone Shaft Mining
19:37 Bow Saw
19:42 Heavy Plow
21:51 Hand Cart
24:07 Gold Shaft Mining
24:34 Crossbowman
25:13 Fletching
28:11 Bodkin Arrow
29:34 Scale Barding Armor
29:30 Padded Archer Armor
34:30 Imperial Age
32:45 Leather Archer Armor
33:36 Iron Casting
33:46 Kamandaran
34:36 Thumb Ring
35:26 Pikeman
37:38 Squires
38:00 Scale Mail Armor
39:02 Blast Furnace
43:31 Ballistics
43:33 Chain Mail Armor
44:22 Elite Skirmisher
44:58 Halberdier
So Premium
Connection lost

Rejoining the realm…

Still unreachable

The connection could not be restored.

Session expired

The server has moved on; the page needs a fresh start.